 Dungeon Crawl Stone Soup version 0.31-a0-716-gc7603755dd (webtiles) character file.

Game seed: 6442605297470343024

1570 pokeman the Thaumaturge (level 8, -2/44 HPs)
             Began as a Deep Elf Hedge Wizard on Sept 9, 2023.
             Was a Follower of Vehumet.
             Slain by an ice beast (14 damage)
             ... on level 6 of the Dungeon on Sept 10, 2023.
             The game lasted 00:10:53 (5742 turns).

pokeman the Thaumaturge (Deep Elf Hedge Wizard)     Turns: 5742, Time: 00:10:54

Health: -2/44      AC:  3    Str:  7    XL:     8   Next: 59%
Magic:  15/24      EV: 14    Int: 22    God:    Vehumet [*.....]
Gold:   225        SH:  0    Dex: 20    Spells: 19/27 levels left

rFire   . . .        a - +2 dagger (venom)
rCold   . . .        (no shield)
rNeg    . . .        b - +0 robe
rPois   .            c - +0 hat
rElec   .            (no cloak)
rCorr   .            (no gloves)
SInv    .            o - +0 pair of boots
Will    .....        (no amulet)
Stlth   +++          w - +6 ring of dexterity
HPRegen 0.27/turn    (no ring)
MPRegen 0.19/turn

%: no passive effects
@: very slightly contaminated
A: no striking features
a: Renounce Religion


You were on level 6 of the Dungeon.
You worshipped Vehumet.
Vehumet was aware of your devotion.
You visited 2 branches of the dungeon, and saw 7 of its levels.

You collected 225 gold pieces.

Inventory:

Hand Weapons
 a - a +2 dagger of venom (weapon)
 s - the +5 quarterstaff "Jushroe" {vamp, Fragile rC+ rN+ Int+3}
   (You found it on level 4 of the Dungeon)

   Int+3:     It affects your intelligence (+3).
   rC+:       It protects you from cold.
   rN+:       It protects you from negative energy.
   Fragile:   It will be destroyed if unequipped.
Armour
 b - a +0 robe (worn)
 c - a +0 hat (worn)
 o - a +0 pair of boots (worn)
Jewellery
 m - a ring of ice
 w - a +6 ring of dexterity (left hand)
Wands
 t - a wand of charming (5)
 v - a wand of light (8)
Scrolls
 e - 3 scrolls of teleportation {unknown}
 g - a scroll of enchant armour {unknown}
 i - 7 scrolls of identify {unknown}
 j - 2 scrolls of noise {unknown}
 l - a scroll of fog {unknown}
 n - a scroll of poison {unknown}
 q - a scroll of immolation {unknown}
 r - 3 scrolls of acquirement {unknown}
 u - 3 scrolls of revelation {unknown}
 y - a scroll of amnesia {unknown}
Potions
 d - 2 potions of magic
 f - 2 potions of invisibility
 h - 2 potions of mutation {unknown}
 k - 6 potions of curing
 p - 2 potions of degeneration {unknown}
 x - a potion of heal wounds {unknown}


   Skills:
 - Level 2.0 Fighting
 + Level 2.4 Armour
 - Level 4.1 Dodging
 - Level 4.0 Stealth
 * Level 10.4 Spellcasting
 + Level 5.6 Conjurations
 - Level 1.1 Summonings
 - Level 1.1 Translocations
 - Level 1.0 Air Magic
 - Level 1.1 Poison Magic
 - Level 1.2 Evocations


You had 19 spell levels left.
You knew the following spells:

 Your Spells              Type           Power      Damage    Failure   Level
a - Magic Dart            Conj           100%       1d8       1%          1
b - Mephitic Cloud        Conj/Pois/Air  22%        N/A       6%          3
c - Call Imp              Summ           32%        N/A       5%          2
d - Blink                 Tloc           32%        N/A       5%          2

Your spell library contained the following spells:

 Spells                   Type           Power      Damage    Failure   Level
 Freeze                   Ice            44%        1d6       6%          1
 Momentum Strike          Conj/Tloc      52%        3d9       2%          2
 Lesser Beckoning         Tloc           32%        N/A       5%          2
 Slow                     Hex            44%        N/A       6%          1
 Cigotuvi's Dreadful Rot  Necr/Pois/Air  28%        N/A       7%          2
 Confusing Touch          Hex            11%        N/A       17%         3
 Ozocubu's Armour         Ice            11%        N/A       17%         3
 Sigil of Binding         Hex            11%        N/A       17%         3
 Vampiric Draining        Necr           11%        2d6       17%         3
 Ozocubu's Refrigeration  Ice            5%         4d8       100%        7


Dungeon Overview and Level Annotations

Branches:
Dungeon (6/15)             Temple (1/1) D:4

Altars:
Ashenzari
Cheibriados
Dithmenos
Fedhas
Gozag
Hepliaklqana
Kikubaaqudgha
Makhleb
Nemelex Xobeh
Okawaru
Qazlal
Ru
Sif Muna
Trog
Uskayaw
Vehumet
Wu Jian
Xom
Yredelemnul
Zin
The Shining One

Annotations:
D:3 2 transporters, Darius099's ghost, amateur MiFi


Message History

The magic dart hits the ice beast.
The ice beast is heavily wounded.
Casting: Magic Dart (safe; 1% risk of failure)
Confirm with . or Enter, or press ? or * to list all spells.
Aiming: Magic Dart (safe; 1% risk of failure)
Press: ? - help, Shift-Dir - straight line, f/p - ice beast
Aim: an ice beast (heavily wounded, 100% to hit)
The magic dart hits the ice beast but does no damage.
The ice beast is heavily wounded.
Casting: Magic Dart (safe; 1% risk of failure)
Confirm with . or Enter, or press ? or * to list all spells.
A tiny devil pulls itself out of the air.
Your cerulean imp hits the ice beast from afar with a -3 spear.
You swap places.
The ice beast hits your cerulean imp.
The ice beast freezes your cerulean imp!
Your cerulean imp dies!
Your cerulean imp disappears in a puff of smoke!
Casting: Call Imp (safe; 5% risk of failure)
Confirm with . or Enter, or press ? or * to list all spells.
Aiming: Magic Dart (safe; 1% risk of failure)
Press: ? - help, Shift-Dir - straight line, f/p - ice beast
Aim: an ice beast (blue smoke, heavily wounded, 100% to hit)
The magic dart hits the ice beast.
The ice beast is heavily wounded.
The ice beast attacks as it pursues you!
The ice beast misses you.
Casting: Magic Dart (safe; 1% risk of failure)
Confirm with . or Enter, or press ? or * to list all spells.
You miscast Call Imp.
You are very lightly contaminated with residual magic.
Nothing appears to happen.
The ice beast hits you. The ice beast freezes you!
Casting: Call Imp (safe; 5% risk of failure)
Confirm with . or Enter, or press ? or * to list all spells.
A tiny devil pulls itself out of the air.
The ice beast hits you. The ice beast freezes you!
The ice beast attacks as it pursues you!
The ice beast hits you.
* * * LOW HITPOINT WARNING * * *
The ice beast freezes you!
You die...

#####.#.......#.#
...#.......#.# ###
##...####.# ##...#
#.# ##### #..#.#
#.# ....# #..#.#
#.# ###.#
#..#.####.##
###.####........Y.#
....##..........@5#
.......#..........#
########..........#
# #.............# #
#.............# #
#.............#
#.............#
#.............#
#.....#########


You could see an ice beast (ally target) and a friendly cerulean imp (summoned).

Vanquished Creatures
  A steam dragon (D:6)
  Edmund (D:4)
  Duvessa (D:5)
  An ice beast (D:5)
  2 black bears (D:4)
  2 ogres
  A phantom (D:4)
  A bullfrog (D:6)
  4 scorpions
  Dowan (D:5)
  A hound (D:5)
  A jelly (D:4)
  An iguana (D:6)
  An orc wizard (D:4)
  7 gnolls
  8 adders
  A worm (D:3)
  4 dart slugs
  9 orcs
  4 endoplasms
  3 giant cockroaches
  7 goblins
  9 hobgoblins
  4 jackals (D:1)
  5 kobolds
  6 quokkas
  9 ball pythons
  3 bats
  5 frilled lizards
  4 rats
107 creatures vanquished.

Notes
Turn   | Place    | Note
-------+----------+-------------------------------------------
     0 | D:1      | pokeman the Deep Elf Hedge Wizard began the quest for the
                  | Orb.
     0 | D:1      | Reached XP level 1. HP: 10/10 MP: 7/7
   213 | D:1      | Reached XP level 2. HP: 16/16 MP: 2/9
   664 | D:1      | Found a faded altar of an unknown god.
   777 | D:1      | Reached skill level 5 in Spellcasting
  1001 | D:1      | Reached XP level 3. HP: 20/20 MP: 7/11
  1005 | D:1      | Learned a level 3 spell: Mephitic Cloud
  1008 | D:1      | Learned a level 2 spell: Call Imp
  1011 | D:1      | Learned a level 2 spell: Blink
  1600 | D:2      | Reached skill level 1 in Fighting
  1691 | D:2      | Reached skill level 1 in Armour
  2144 | D:3      | Reached XP level 4. HP: 25/25 MP: 7/13
  2386 | D:3      | Found a hide-covered altar of Uskayaw.
  2622 | D:3      | Found a transporter.
  2625 | D:3      | Noticed Darius099's ghost (amateur MiFi)
  2625 | D:3      | Noticed an ogre
  2629 | D:3      | Identified the +8 dire flail "Yvedghets" {flame, Str+6}
  2629 | D:3      | Noticed an ogre
  2631 | D:3      | Noticed an ogre
  2633 | D:3      | Found a transporter.
  2813 | D:3      | Found a blossoming altar of Fedhas.
  3314 | D:4      | Identified the +5 quarterstaff "Jushroe" {vamp, Fragile rC+
                  | rN+ Int+3}
  3338 | D:4      | Noticed a black bear
  3469 | D:4      | Found a staircase to the Ecumenical Temple.
  3500 | Temple   | Entered the Ecumenical Temple
  3506 | Temple   | Became a worshipper of Vehumet
  3533 | D:4      | Noticed a phantom
  3539 | D:4      | Killed a black bear
  3540 | D:4      | Reached skill level 6 in Spellcasting
  3540 | D:4      | Reached XP level 5. HP: 23/29 MP: 7/15
  3541 | D:4      | Noticed Edmund
  3892 | D:4      | Noticed a black bear
  3899 | D:4      | Reached XP level 6. HP: 13/34 MP: 2/17
  3907 | D:4      | Reached skill level 7 in Spellcasting
  4145 | D:4      | Reached skill level 1 in Evocations
  4177 | D:4      | Reached XP level 7. HP: 26/38 MP: 8/20
  4285 | D:4      | Killed Edmund
  4286 | D:4      | Reached skill level 1 in Poison Magic
  4463 | D:4      | Reached skill level 1 in Air Magic
  4594 | D:4      | Reached skill level 8 in Spellcasting
  4670 | D:5      | Entered Level 5 of the Dungeon
  4687 | D:5      | Reached * piety under Vehumet
  4687 | D:5      | Offered knowledge of Freeze by Vehumet.
  4702 | D:5      | Found a stormy altar of Qazlal.
  4703 | D:5      | Noticed an air elemental
  4704 | D:5      | Noticed a fire elemental
  4704 | D:5      | Noticed a water elemental
  4920 | D:5      | Noticed Dowan
  4922 | D:5      | Noticed Duvessa
  4937 | D:5      | Killed Duvessa
  4946 | D:5      | Killed Dowan
  5110 | D:5      | Reached skill level 9 in Spellcasting
  5220 | D:5      | Reached XP level 8. HP: 35/44 MP: 18/23
  5441 | D:6      | Upgraded the game from 0.31-a0-705-ga145531891 to
                  | 0.31-a0-716-gc7603755dd
  5522 | D:6      | Reached skill level 5 in Conjurations
  5544 | D:6      | Reached skill level 10 in Spellcasting
  5554 | D:6      | HP: 2/44 [poisoned by a scorpion]
  5742 | D:6      | Slain by an ice beast

Illustrated notes

Levels and vault maps discovered:
D:1:      roderic_octagonal_star, layout_basic, serial_corexii_hall,
          chequers_hall_statues_y, corexii_hall_statues_i,
          ebering_ecumenical_altar_petrified, grunt_decor_one_mirror,
          grunt_decor_junction
D:2:      layout_loops_ring
D:3:      layout_basic, nicolae_overflow_crystal_walls,
          mainiacjoe_overflow_brackets, gammafunk_ghost_smash,
          chequers_arboretum, ebering_dispersal_statue_hall,
          amcnicky_mini_corridor_feature, kennysheep_generic_room_5
D:4:      layout_loops_ring, minmay_temple_entry_ruins, serial_bayou,
          serial_bayou_pond_a, serial_bayou_shore_a, serial_bayou_pond_d,
          serial_bayou_pond_b, kennysheep_generic_room_14, uniq_edmund
D:5:      layout_rooms, nicolae_qazlal_style_of_elements, uniq_duvessa
D:6:      minmay_general_purpose_star, layout_basic, serial_shops, shop
Temple:   eino_narrow_crystal_temple

Skill      XL: |  1  2  3  4  5  6  7  8 |
---------------+-------------------------+-----
Spellcasting   | 5 6 7 9 10 | 10.4
Fighting       | 1 2 |  2.0
Armour         | 1 2 |  2.4
Conjurations   | 2 3 4 5 |  5.6
Dodging        | 3 4 |  4.1
Stealth        | 3 4 |  4.0
Evocations     | 1 |  1.2
Poison Magic   | 1 |  1.1
Air Magic      | 1 |  1.0
Summonings     | |  1.1
Translocations | |  1.1

Action                     |  1- 3 |  4- 6 |  7- 9 || total
---------------------------+-------+-------+-------++-------
  Melee: Dagger            |    23 |    26 |    55 ||   104
   Cast: Magic Dart        |    99 |   123 |    67 ||   289
         Call Imp          |     1 |     1 |     6 ||     8
         Mephitic Cloud    |       |     5 |    17 ||    22
         Blink             |       |     1 |     1 ||     2
    Use: Potion            |       |       |     2 ||     2
   Stab: Sleeping          |       |     1 |       ||     1
         Confused          |       |     2 |     5 ||     7
         Invisible         |       |       |     1 ||     1
 Armour: Robe              |    26 |    28 |    28 ||    82
  Dodge: Dodged            |    39 |    29 |    36 ||   104

Table legend: (Time is in decaauts)
 A = Elapsed time spent in this place.
 B = Non-inter-level travel time spent in this place.
 C = Inter-level travel time spent in this place.
 D = Time resting spent in this place.
 E = Time spent auto-exploring this place.
 F = Levels seen in this place.
 G = Mean time per level.
                   A        B        C        D        E       F      G
               +--------+--------+--------+--------+--------+-----+--------+
         Total |   5760 |   5560 |    200 |     23 |   4549 |   7 |  822.9 |
       Dungeon |   5747 |   5547 |    200 |     23 |   4549 |   6 |  957.8 |
        Temple |     12 |     12 |      0 |      0 |      0 |   1 |   12.0 |
               +--------+--------+--------+--------+--------+-----+--------+

Top non-repeatable levels by time:
     D:4: 1388 daAuts
     D:1: 1323 daAuts
     D:3: 1149 daAuts
     D:5: 819 daAuts
     D:2: 814 daAuts
     D:6: 251 daAuts
  Temple: 12 daAuts
